 Dungeon Crawl Stone Soup version 0.31-a0-1-g4198be8af4 (webtiles) character file.

Game seed: 15833116797489862288

636 CoinPitGoblin the Thaumaturge (level 7, 0/36 HPs)
             Began as a Deep Elf Conjurer on May 1, 2023.
             Was an Initiate of Sif Muna.
             Slain by a hornet (14 damage)
             ... on level 6 of the Dungeon.
             The game lasted 00:14:56 (5491 turns).

CoinPitGoblin the Thaumaturge (Deep Elf Conjurer)   Turns: 5491, Time: 00:14:56

Health: 0/36       AC:  6    Str:  2    XL:     7   Next: 25%
Magic:  18/27      EV: 11    Int: 31    God:    Sif Muna [......]
Gold:   172        SH:  0    Dex: 15    Spells: 19/23 levels left

rFire   . . .        v - +6 Majin-Bo {spellvamp, MP+6 Int+6}
rCold   . . .        (no shield)
rNeg    . . .        s - +1 leather armour {rPois}
rPois   +            (no helmet)
rElec   .            o - +0 cloak
rCorr   .            (no gloves)
SInv    +            q - +0 pair of boots
Will    .....        p - amulet of Isememek {Faith +Inv Str-2 Dex+2 SInv}
Stlth   ++           t - ring of wizardry
HPRegen 0.26/turn    (no ring)
MPRegen 0.20/turn

%: faith, wizardry (x1)
@: slowed, very slow
A: no striking features
a: Renounce Religion, Evoke Invisibility


You were on level 6 of the Dungeon.
You worshipped Sif Muna.
Sif Muna was noncommittal.
You visited 2 branches of the dungeon, and saw 7 of its levels.

You collected 172 gold pieces.

Inventory:

Hand Weapons
 v - the +6 Majin-Bo (weapon) {spellvamp, MP+6 Int+6}
   (You acquired it on level 6 of the Dungeon)

   Int:       It affects your intelligence (+6).
   MP:        It affects your magic capacity (+6).
Armour
 o - a +0 cloak (worn)
 q - a +0 pair of boots (worn)
 s - a +1 leather armour of poison resistance (worn)
Jewellery
 p - the amulet of Isememek (around neck) {Faith +Inv Str-2 Dex+2 SInv}
   (You acquired it on level 6 of the Dungeon)

   [amulet of faith]

   It allows you to gain divine favour quickly.
   Str:       It affects your strength (-2).
   Dex:       It affects your dexterity (+2).
   SInv:      It lets you see invisible.
   +Inv:      It lets you turn invisible.
 t - a ring of wizardry (left hand)
Potions
 b - a potion of magic
 c - 2 potions of heal wounds
 d - a potion of lignification
 f - a potion of cancellation
 g - a potion of flight
 h - a potion of invisibility
 i - a potion of curing
 k - a potion of attraction
 l - a potion of berserk rage
 m - a potion of brilliance {unknown}


   Skills:
 - Level 0.1 Fighting
 + Level 4.2 Dodging
 - Level 2.4 Stealth
 + Level 8.5 Spellcasting
 - Level 4.9 Conjurations
 * Level 3.4 Invocations


You had 19 spell levels left.
You knew the following spells:

 Your Spells              Type           Power      Damage    Failure   Level
a - Searing Ray           Conj           86%        2d7       1%          2
b - Summon Small Mammal   Summ           52%        N/A       3%          1
q - Magic Dart            Conj           100%       1d8       1%          1

Your spell library contained the following spells:

 Spells                   Type           Power      Damage    Failure   Level
 Apportation              Tloc           26%        N/A       3%          1
 Necrotise                Necr           52%        1d6       3%          1
 Dazzling Flash           Conj/Hex       56%        N/A       4%          3
 Vhi's Electric Charge    Tloc/Air       26%        N/A       11%         3
 Fulminant Prism          Conj/Hex       14%        3d8       13%         4
 Iskenderun's Mystic Bla  Conj/Tloc      28%        2d7       13%         4
 Arcjolt                  Conj/Air       14%        1d24      32%         5
 Plasma Beam              Fire/Air       6%         2x1d18    99%         6


Dungeon Overview and Level Annotations

Branches:
Dungeon (6/15)             Temple (1/1) D:4

Altars:
Ashenzari
Dithmenos
Fedhas
Gozag
Kikubaaqudgha
Makhleb
Nemelex Xobeh
Qazlal
Ru
Sif Muna
Trog
Vehumet
Wu Jian
Xom
Zin
The Shining One
Ignis


Message History

Press: ? - help, Shift-Dir - straight line, f - hornet
Aim: a hornet (wandering, hasn't noticed you, 100% to hit)
The magic dart hits the hornet but does no damage.
The magic dart hits the hornet but does no damage.
Casting: Magic Dart (safe; 1% risk of failure)
Confirm with . or Enter, or press ? or * to list all spells.
Aiming: Searing Ray (safe; 1% risk of failure)
Press: ? - help, Shift-Dir - straight line, f/p - hornet
Aim: a hornet (73% to hit)
The searing ray hits the hornet.
You feel better.
The hornet is lightly wounded. (Press . to maintain the ray.)
The searing ray hits the hornet.
You feel better.
The hornet is lightly wounded.
The searing ray misses the hornet.
The hornet stings you.
You feel yourself slow down.
The searing ray hits the hornet!
You feel better.
The hornet is moderately wounded.
You finish channelling your searing ray.
The hornet barely misses you.
The hornet stings you but does no damage.
The hornet stings you!
You feel as though you will be slow longer.
Casting: Searing Ray (safe; 1% risk of failure)
Confirm with . or Enter, or press ? or * to list all spells.
Aiming: Searing Ray (safe; 1% risk of failure)
Press: ? - help, Shift-Dir - straight line, f/p - hornet
Aim: a hornet (moderately wounded, 73% to hit)
The searing ray hits the hornet.
You feel better.
The hornet is heavily wounded. (Press . to maintain the ray.)
The hornet barely misses you. The hornet stings you.
The searing ray misses the hornet.
The hornet stings you!
* * * LOW HITPOINT WARNING * * *
You feel as though you will be slow longer.
The hornet closely misses you.
The searing ray hits the hornet!
You feel better.
The hornet is severely wounded.
The hornet closely misses you. The hornet stings you!
You die...

#........ #...o....
##.o..... ##.##.#.
#.##.#. #.##.#. #
........
######.#...#..o#)..
#.@....<...........
#.y#####....♣.♣.♣.♣
#.<# . #..# #..#
#... #... #....
####.


You could see a hornet.

Vanquished Creatures
  A black bear (D:5)
  2 ogres
  2 scorpions (D:5)
  An iguana (D:4)
  2 orc wizards (D:5)
  3 gnolls
  7 adders
  A white imp (D:5)
  2 worms (D:4)
  A dart slug (D:4)
  10 orcs
  5 bats
  8 endoplasms
  3 giant cockroaches
  9 hobgoblins
  4 quokkas
  9 ball pythons
  5 frilled lizards
  3 goblins
  4 kobolds (D:2)
  A rat (D:2)
83 creatures vanquished.

Notes
Turn   | Place    | Note
-------+----------+-------------------------------------------
     0 | D:1      | CoinPitGoblin the Deep Elf Conjurer began the quest for the
                  | Orb.
     0 | D:1      | Reached XP level 1. HP: 10/10 MP: 6/6
   332 | D:1      | Reached XP level 2. HP: 15/15 MP: 6/8
   514 | D:1      | Found a faded altar of an unknown god.
  1233 | D:2      | Reached XP level 3. HP: 19/19 MP: 7/10
  1360 | D:2      | Reached skill level 4 in Spellcasting
  1710 | D:3      | Learned a level 2 spell: Searing Ray
  2086 | D:3      | Reached XP level 4. HP: 20/24 MP: 7/12
  2274 | D:3      | Reached skill level 5 in Spellcasting
  2503 | D:3      | You fall into a shaft and drop 3 floors!
  2517 | D:5      | Entered Level 5 of the Dungeon
  2594 | D:5      | Found a blossoming altar of Fedhas.
  2594 | D:5      | Found an ornate altar of the Wu Jian Council.
  2594 | D:5      | Found a burning altar of Makhleb.
  2834 | D:4      | Found a staircase to the Ecumenical Temple.
  2841 | Temple   | Entered the Ecumenical Temple
  2885 | Temple   | Became a worshipper of Sif Muna the Loreminder
  2929 | D:4      | Noticed an ogre
  2990 | D:4      | Found an ancient bone altar of Kikubaaqudgha.
  3001 | D:4      | Reached XP level 5. HP: 28/28 MP: 10/15
  3165 | D:4      | Reached skill level 1 in Invocations
  3795 | D:3      | Learned a level 1 spell: Summon Small Mammal
  3947 | D:4      | Killed an ogre
  3948 | D:4      | Reached skill level 6 in Spellcasting
  4294 | D:5      | Noticed a black bear
  4350 | D:5      | Killed a black bear
  4351 | D:5      | Reached XP level 6. HP: 18/32 MP: 8/17
  4358 | D:5      | Reached skill level 7 in Spellcasting
  4660 | D:5      | Reached skill level 8 in Spellcasting
  4660 | D:5      | Reached XP level 7. HP: 36/36 MP: 13/20
  5450 | D:6      | Identified 2 scrolls of acquirement
  5450 | D:6      | Acquired the +6 Majin-Bo {spellvamp, MP+6 Int+6}
  5450 | D:6      | Found the +6 Majin-Bo {spellvamp, MP+6 Int+6}
  5460 | D:6      | Acquired the amulet of Isememek {Faith +Inv Str-2 Dex+2
                  | SInv}
  5482 | D:6      | Noticed a hornet
  5491 | D:6      | Slain by a hornet

Illustrated notes

Levels and vault maps discovered:
D:1:      evilmike_arrival_crescent, layout_loops_ring,
          shapermc_ecumenical_altar_gd, chequers_serial_rivers_small_a,
          minmay_shallow_snake_nest
D:2:      layout_rooms
D:3:      layout_loops_cross
D:4:      layout_layer_cave, kiku_gazebo_pond_becter, temple_green,
          hangedman_decor_peaks_small
D:5:      layout_basic, chequers_temple_overflow_statue_of_worship
D:6:      layout_loops_ring, elyvilon_altar_3, minmay_shop_grid_forest
Temple:   pdpol_scorched_temple

Skill      XL: |  1  2  3  4  5  6 |
---------------+-------------------+-----
Dodging        | 3 4 |  4.2
Spellcasting   | 4 5 6 8 |  8.5
Invocations    | 2 3 |  3.4
Fighting       | |  0.1
Stealth        | |  2.4
Conjurations   | |  4.9

Action                     |  1- 3 |  4- 6 |  7- 9 || total
---------------------------+-------+-------+-------++-------
  Melee: Dagger            |     9 |       |       ||     9
         Staff             |       |     1 |     1 ||     2
   Cast: Magic Dart        |    83 |    70 |    26 ||   179
         Searing Ray       |       |    12 |     2 ||    14
         Summon Small Mamm |       |     2 |       ||     2
    Use: Scroll            |       |     7 |     6 ||    13
 Armour: Robe              |     4 |     7 |       ||    11
         Leather armour    |       |       |     4 ||     4
  Dodge: Dodged            |     9 |    15 |    11 ||    35

Table legend: (Time is in decaauts)
 A = Elapsed time spent in this place.
 B = Non-inter-level travel time spent in this place.
 C = Inter-level travel time spent in this place.
 D = Time resting spent in this place.
 E = Time spent auto-exploring this place.
 F = Levels seen in this place.
 G = Mean time per level.
                   A        B        C        D        E       F      G
               +--------+--------+--------+--------+--------+-----+--------+
         Total |   5504 |   4987 |    517 |    376 |   3673 |   7 |  786.3 |
       Dungeon |   5454 |   4942 |    512 |    376 |   3670 |   6 |  909.0 |
        Temple |     50 |     45 |      5 |      0 |      3 |   1 |   50.0 |
               +--------+--------+--------+--------+--------+-----+--------+

Top non-repeatable levels by time:
     D:4: 1382 daAuts
     D:5: 1253 daAuts
     D:3: 1045 daAuts
     D:1: 1011 daAuts
     D:2: 696 daAuts
     D:6: 65 daAuts
  Temple: 50 daAuts
